 Dungeon Crawl Stone Soup version 0.29-a0-341-g24ffce5b50 (webtiles) character file.

Game seed: 13792277642932086328

30 spaghetti the Covert (level 3, -3/34 HPs)
             Began as a Naga Delver on Apr 20, 2022.
             Was an Initiate of Hepliaklqana.
             Slain by an ice beast (8 damage)
             ... on level 4 of the Dungeon.
             The game lasted 00:01:28 (479 turns).

spaghetti the Covert (Naga Delver)                   Turns: 479, Time: 00:01:28

Health: -3/34      AC:  9    Str: 14    XL:     3   Next: 20%
Magic:  3/3        EV:  9    Int: 10    God:    Hepliaklqana [......]
Gold:   36         SH:  0    Dex: 14    Spells: 2/2 levels left

rFire   . . .      SeeInvis +   f - +2 flail (protect) {mace}
rCold   . . .      Faith    .   (no shield)
rNeg    . . .      Spirit   .   b - +0 leather armour
rPois   +          Reflect  .   (no helmet)
rElec   .          Harm     .   (no cloak)
rCorr   .          Rampage  .   (no gloves)
Will    .....                   (no barding)
Stlth   ++++......              (no amulet)
HPRegen 0.11/turn               (no ring)
MPRegen 0.08/turn               (no ring)

@: under a protective aura, very slow
A: AC +1, large, see invisible, deformed body, poison resistance, slowness 2,
spit poison 1, naga tail 1
a: Spit Poison, Renounce Religion


You were on level 4 of the Dungeon.
You worshipped Hepliaklqana.
Hepliaklqana was noncommittal.
You visited 2 branches of the dungeon, and saw 3 of its levels.

You collected 36 gold pieces.


Innate Abilities, Weirdness & Mutations

Your serpentine skin is tough. (AC +1)
You have supernaturally acute eyesight. (SInv)
Armour fits poorly on your strangely shaped body.
Your system is resistant to poisons. (rPois)
You cover ground very slowly.
You can spit poison.
You have a snake-like lower body.


   Skills:
 - Level 3.0 Fighting
 - Level 2.0 Long Blades
 - Level 1.5 Dodging
 + Level 8.7 Stealth


You had 2 spell levels left.
You didn't know any spells.
Your spell library was empty.

Inventory:

Hand Weapons
 a - a +0 falchion {long}
 f - a +2 flail of protection (weapon) {mace}
   (You found it on level 4 of the Dungeon)
Armour
 b - a +0 leather armour (worn)
Wands
 g - a wand of digging (3)
Scrolls
 c - a scroll of fog
 d - a scroll of magic mapping {!r}

Dungeon Overview and Level Annotations

Branches:
Dungeon (5/15)             Temple (1/1) D:5

Altars:
Ashenzari
Cheibriados
Elyvilon
Hepliaklqana
Nemelex Xobeh
Sif Muna
Vehumet
Yredelemnul
The Shining One

+........ #........
#######^.......
#......#########
#......+..Y....#
#......#)......#
#......#.......#
#......#..######
#....@.#..#
#....Y.#..#
#......#..#
#######...###+#
#.#'##..##
#....#...#
####....'...+
........######+##>
..........>........


You could see an ice beast.


Message History

Your extra speed is starting to run out.
A hobgoblin is nearby!
A hobgoblin is nearby!
Aiming: Spit Poison (2% risk of failure)
Press: ? - help, Shift-Dir - straight line, f - hobgoblin
Aim: a hobgoblin (59% to hit)
The splash of poison misses the hobgoblin.
The hobgoblin hits you but does no damage.
There is an open door, spattered with blood here.
You hit the hobgoblin.
You kill the hobgoblin!
You start waiting.
You have got your breath back.
You feel yourself slow down.
Done waiting.
Found an escape hatch in the floor.
A goblin comes into view. It is wielding a +0 dagger.
The goblin shouts!
You see here a +2 flail of protection {mace}.
A goblin is nearby!
You see here a +2 flail of protection {mace}.
f - a +2 flail of protection {mace} Your +2 flail of protection {mace} hums with potential!
f - a +2 flail of protection (weapon)
{mace} You sock the goblin!
Your weapon exudes an aura of protection.
You kill the goblin!
Things that are here:
a +0 dagger {short}; a goblin corpse You open the door.
There is an open door here.
There is an open door here.
You open the door.
There is an open door here.
Key pressed, stopping explore.
There is an open door here.
You open the door.
There is an open door here.
An ice beast comes into view.
An ice beast is nearby!
An ice beast is nearby!
Aiming: Spit Poison (2% risk of failure)
Press: ? - help, Shift-Dir - straight line, f - ice beast
Aim: an ice beast (59% to hit)
The splash of poison hits the ice beast but does no damage.
You aren't carrying any potions.
As you read the scroll of fear, it crumbles to dust.
You assume a fearsome visage.
The ice beast looks frightened!
Cornered, the ice beast turns to fight!
You see here a +0 club {mace}.
You open the door.
You have got your breath back.
There is an open door here.
You close the door.
You start waiting.
Done waiting.
Unknown command.
Really slither into that dispersal trap?
You enter a dispersal trap!
You blink.
Unknown command.
Unknown command.
Aiming: Spit Poison (2% risk of failure)
Press: ? - help, Shift-Dir - straight line, f/p - ice beast
Aim: an ice beast (wandering, hasn't noticed you, 59% to hit)
The splash of poison hits the ice beast.
The ice beast hits you. The ice beast freezes you! 😮 HP[-12]
You take 12 damage, and now have 22/34 hp.
MASSIVE DAMAGE!! (PAUSE) Unknown command.
You aren't carrying any potions.
Okay, then.
You hit the ice beast but do no damage.
Your weapon exudes an aura of protection.
The ice beast hits you but does no damage.
You sock the ice beast!
You have got your breath back.
The ice beast hits you but does no damage.
You barely miss the ice beast. The ice beast barely misses you.
The ice beast hits you. The ice beast freezes you!
* * * LOW HITPOINT WARNING * * *
😱 HP[-14]
You take 14 damage, and now have 8/34 hp.
MASSIVE DAMAGE!! (PAUSE) Unknown command.
Aiming: Spit Poison (2% risk of failure)
Press: ? - help, Shift-Dir - straight line, f/p - ice beast
Aim: an ice beast (moderately wounded, 59% to hit)
The splash of poison misses the ice beast.
The ice beast barely misses you.
You hit the ice beast.
The ice beast hits you but does no damage.
You thump the ice beast!
You have got your breath back.
The ice beast hits you but does no damage. x2
You closely miss the ice beast. The ice beast hits you.
* * * LOW HITPOINT WARNING * * *
The ice beast freezes you!
You die...

Skill      XL: |  1 |
---------------+----+-----
Stealth        | 8 |  8.7
Fighting       | |  3.0
Long Blades    | |  2.0
Dodging        | |  1.5

Action                   || total
-------------------------++-------
Melee: Falchion          ||     2
       Flail             ||     7
 Abil: Spit Poison       ||     5
  Use: Scroll            ||     2
       Potion            ||     1
Armor: Leather armour    ||     6
Dodge: Dodged            ||     4

Levels and vault maps discovered:
D:4:      layout_gridville, uniq_eustachio
D:5:      layout_loops_corners, nicolae_wu_jian_wuxing_cycle,
          mainiacjoe_overflow_24_doors, mainiacjoe_overflow_small_starburst,
          nicolae_overflow_squiral, minmay_temple_entry_steel_oval,
          minmay_ogre_servants
Temple:   dpeg_three_leaves_temple

Notes
Turn   | Place    | Note
-------+----------+-------------------------------------------
     0 | D:5      | spaghetti the Naga Delver began the quest for the Orb.
     0 | D:5      | Reached XP level 1. HP: 21/21 MP: 1/1
     0 | D:5      | magus.rc [v1.9.6]
    33 | D:5      | Found a staircase to the Ecumenical Temple.
    42 | Temple   | Entered the Ecumenical Temple
   131 | Temple   | Became a worshipper of Hepliaklqana the Forgotten
   162 | D:4      | Noticed a hound
   182 | D:5      | Noticed an ogre
   208 | D:4      | Killed a hound
   209 | D:4      | Reached skill level 8 in Stealth
   209 | D:4      | Reached XP level 2. HP: 28/28 MP: 2/2
   209 | D:4      | Reached XP level 3. HP: 34/34 MP: 3/3
   359 | D:4      | Noticed an ice beast
   475 | D:4      | HP: 8/34 [ice beast (14)]
   479 | D:4      | Slain by an ice beast

Vanquished Creatures
  A hound (D:4)
  A goblin (D:4)
  A hobgoblin (D:4)
3 creatures vanquished.

Table legend:
 A = Non-vault XP
 B = Vault XP
 C = Vault XP percentage of total XP
 D = Non-vault monster count
 E = Vault monster count
 F = Vault count percentage of total count
                 A         B        C        D         E       F
            +---------+---------+-------+---------+---------+-------
      Total |      44 |       0 |   0.0 |       3 |       0 |   0.0
            +---------+---------+-------+---------+---------+-------
        D:4 |      44 |       0 |   0.0 |       3 |       0 |   0.0
            +---------+---------+-------+---------+---------+-------

Illustrated notes

Table legend:
 A = Kills in this place as a percentage of kills in entire the game.
 B = Kills by you in this place as a percentage of kills by you in the entire game.
 C = Kills by friends in this place as a percentage of kills by friends in the entire game.
 D = Other kills in this place as a percentage of other kills in the entire game.
 E = Experience gained in this place as a percentage of experience gained in the entire game.
 F = Experience gained in this place divided by the number of levels of this place that you have seen.
                   A       B       C       D       E      F
               +-------+-------+-------+-------+-------+----------------------
         Total | 100.0 | 100.0 |   N/A |   N/A | 100.0 |  14.7
       Dungeon | 100.0 | 100.0 |   N/A |   N/A | 100.0 |  22.0
               +-------+-------+-------+-------+-------+----------------------

Table legend: (Time is in decaauts)
 A = Elapsed time spent in this place.
 B = Non-inter-level travel time spent in this place.
 C = Inter-level travel time spent in this place.
 D = Time resting spent in this place.
 E = Time spent auto-exploring this place.
 F = Levels seen in this place.
 G = Mean time per level.
                   A        B        C        D        E       F      G
               +--------+--------+--------+--------+--------+-----+--------+
         Total |    560 |    545 |     15 |    202 |    197 |   3 |  186.7 |
       Dungeon |    421 |    420 |      1 |    202 |    116 |   2 |  210.5 |
        Temple |    138 |    125 |     13 |      0 |     81 |   1 |  138.0 |
               +--------+--------+--------+--------+--------+-----+--------+

Top non-repeatable levels by time:
     D:4: 327 daAuts
  Temple: 138 daAuts
     D:5: 93 daAuts
